 Dungeon Sprint DCSS version 0.22-b1-21-g5cfc168 (webtiles) character file.

11500000 tyranidshit the Intangible (level 27, -11/174 HPs)
             Began as a Spriggan Warper on Aug 4, 2018.
             Was the Champion of Makhleb.
             Killed by the air
             ... invoked by a tyrant
              (15 damage)
             ... in the Dungeon (Sprint VIII: "Arena of Blood").
             The game lasted 00:05:23 (115 turns).

tyranidshit the Intangible (Spriggan Warper)         Turns: 115, Time: 00:05:24

Health: -11/174    AC:  4    Str: 16    XL:     27
Magic:  33/55      EV: 39    Int: 17    God:    Makhleb [******]
Gold:   0          SH:  0    Dex: 17    Spells: 80/80 levels left

rFire    . . .     SeeInvis +   c - +∞ Axe of Woe
rCold    . . .     Gourm    .   (shield currently unavailable)
rNeg     . . .     Faith    .   b - +0 robe
rPois    .         Spirit   .   (helmet restricted)
rElec    .         Reflect  .   (no cloak)
rCorr    .         Harm     .   (gloves unavailable)
MR       ++++.     NoTele   +   (boots unavailable)
Stlth    +++++++++.             (no amulet)
HPRegen  0.39/turn              (no ring)
MPRegen  0.34/turn              (no ring)

@: lethally poisoned (-11 -> -31), very slightly contaminated, very quick
A: very small, unfitting armour, see invisible, herbivore, speed 3, slow
metabolism 2
a: Minor Destruction, Lesser Servant of Makhleb, Major Destruction, Greater
Servant of Makhleb, Renounce Religion


You were in the Dungeon.
You worshipped Makhleb.
Makhleb was exalted by your worship.
You were not hungry.

You visited 1 branch

Inventory:

Hand Weapons
 a - a +0 hand axe
 c - the +∞ Axe of Woe (weapon)
   (You found it in the Dungeon)
Missiles
 e - 5 tomahawks of dispersal (quivered)
Armour
 b - a +0 robe (worn)
Potions
 g - a potion of curing
 h - a potion of heal wounds
 i - a potion of haste
 j - 2 potions of magic
 k - a potion of berserk rage
Comestibles
 f - a ration


   Skills:
 O Level 27 Fighting
 O Level 27 Axes
 O Level 27 Throwing
 O Level 27 Armour
 O Level 27 Dodging
 O Level 27 Stealth
 O Level 27 Unarmed Combat
 O Level 27 Spellcasting
   Level 4.4 Translocations
 O Level 27 Invocations


You had 80 spell levels left.
You didn't know any spells.
Your spell library contained the following spells:

 Spells                   Type           Power        Failure   Level  Hunger
 Teleport Other           Tloc           #####...     1%          3    None
 Blink                    Tloc           N/A          1%          2    None
 Passage of Golubria      Tloc           N/A          2%          4    None
 Shroud of Golubria       Chrm/Tloc      ####......   1%          2    None
 Gell's Gravitas          Tloc           #####.....   1%          3    None
 Lesser Beckoning         Tloc           #####.....   1%          3    None


Dungeon Overview and Level Annotations

Branches:
Dungeon (1/1)

Altars:
Makhleb


Innate Abilities, Weirdness & Mutations

You are very small and have problems with some larger weapons.
You are too small for most types of armour.
You have supernaturally acute eyesight. (SInv)
You are a herbivore.
You cover ground extremely quickly.
You need to consume almost no food.


Message History

The tyrant seems to speed up.
The accursed casts a spell at you. Something smites you!
* * * LOW HITPOINT WARNING * * *
You hit the large abomination.
You slaughter the large abomination joyfully.
You destroy the large abomination!
* * * LOW HITPOINT WARNING * * *
You feel sick.
You hear a shout!
The observer gazes at you. Something smites you!
* * * LOW HITPOINT WARNING * * *
You hear a shout! x2
The meat berserker hits your blizzard demon with a +9 battleaxe!!!
Your blizzard demon hits the meat berserker! x2
You hear a shout! x5
The tyrant waves its bony arms in wide circles.
The air twists around and strikes you!
You die...

#.#............L)#....
.#.....#........#.)... .
...... ..VM.%...#)).##
#.......##.#xW.%§.......
##..O....G.X.XX.....oM..
...S####...G#.X..O##.#..
#..§§.§XOX.X%X...))2..x%
###§§§2XXL..X..%.)))o..
####@L.X...=.......##
#################


You could see an accursed, a tentacled monstrosity, 2 tyrants, a destroyer, 2
observers, a scourge, 11 large abominations, a dread, a meat berserker
(berserk), a crawling corpse and a friendly blizzard demon.

Vanquished Creatures
  5 hell beasts (D)
  2 greater mummies (D)
  6 vampire knights (D)
  16 ogres (D)
  4 two-headed ogres (D)
  3 liches (D)
  36 orcs (D)
  A skeletal warrior (D)
  A large abomination (D)
  A small abomination (D)
75 creatures vanquished.

Vanquished Creatures (collateral kills)
  A crawling corpse (D)
1 creature vanquished.

Grand Total: 76 creatures vanquished

Notes
Turn   | Place    | Note
-------+----------+-------------------------------------------
     0 | D        | Found the +∞ Axe of Woe
     0 | D        | tyranidshit the Spriggan Warper began the quest for the Orb.
     0 | D        | Reached XP level 1. HP: 10/10 MP: 5/5
     3 | D        | Became a worshipper of Makhleb the Destroyer
     3 | D        | Noticed a bag of meat
     5 | D        | Noticed a bag of meat
     5 | D        | Noticed a bag of meat
     6 | D        | Noticed a meat berserker
     7 | D        | Noticed a bag of meat
     8 | D        | Killed a bag of meat
     8 | D        | Reached skill level 10 in Fighting
     8 | D        | Reached skill level 10 in Axes
     8 | D        | Reached skill level 5 in Throwing
     8 | D        | Reached XP level 2. HP: 25/25 MP: 5/21
     8 | D        | Reached XP level 3. HP: 29/29 MP: 5/23
     8 | D        | Reached XP level 4. HP: 34/34 MP: 5/24
     8 | D        | Reached XP level 5. HP: 37/37 MP: 5/26
     8 | D        | Reached XP level 6. HP: 42/42 MP: 5/27
     8 | D        | Reached XP level 7. HP: 46/46 MP: 5/29
     8 | D        | Reached XP level 8. HP: 51/51 MP: 5/30
     8 | D        | Reached XP level 9. HP: 55/55 MP: 5/31
     8 | D        | Reached XP level 10. HP: 60/60 MP: 5/32
     8 | D        | Reached XP level 11. HP: 64/64 MP: 5/33
     9 | D        | Killed a bag of meat
     9 | D        | Reached * piety under Makhleb
     9 | D        | Reached XP level 12. HP: 72/72 MP: 5/36
     9 | D        | Noticed a bag of meat
    10 | D        | Killed a meat berserker
    10 | D        | Reached skill level 15 in Fighting
    10 | D        | Reached skill level 15 in Axes
    10 | D        | Reached skill level 27 in Dodging
    10 | D        | Reached XP level 13. HP: 81/81 MP: 5/41
    10 | D        | Reached XP level 14. HP: 86/86 MP: 5/42
    10 | D        | Killed a bag of meat
    10 | D        | Noticed a bag of meat
    10 | D        | Noticed a bag of meat
    11 | D        | Noticed a bag of meat
    11 | D        | Noticed a meat berserker
    11 | D        | Noticed a bag of meat
    12 | D        | Noticed a large bag of meat
    12 | D        | Noticed a bag of meat
    13 | D        | Noticed a bag of meat
    13 | D        | Noticed a bag of meat
    13 | D        | Noticed a bag of meat
    13 | D        | Noticed a bag of meat
    13 | D        | Noticed a bag of meat
    13 | D        | Noticed a large bag of meat
    13 | D        | Noticed a bag of meat
    13 | D        | Noticed a bag of meat
    14 | D        | Noticed a meat berserker
    14 | D        | Noticed a bag of meat
    14 | D        | Noticed a bag of meat
    15 | D        | Killed a meat berserker
    15 | D        | Reached ** piety under Makhleb
    15 | D        | Reached skill level 27 in Spellcasting
    15 | D        | Reached XP level 15. HP: 95/95 MP: 6/47
    16 | D        | Reached skill level 10 in Throwing
    16 | D        | Noticed a meat berserker
    18 | D        | Reached XP level 16. HP: 105/105 MP: 7/48
    18 | D        | Reached *** piety under Makhleb
    19 | D        | Noticed a large bag of meat
    20 | D        | Killed a large bag of meat
    20 | D        | Reached XP level 17. HP: 114/114 MP: 7/49
    20 | D        | Reached **** piety under Makhleb
    20 | D        | Reached skill level 15 in Throwing
    20 | D        | Reached XP level 18. HP: 122/122 MP: 7/50
    21 | D        | Reached skill level 15 in Invocations
    21 | D        | Reached ***** piety under Makhleb
    32 | D        | Killed a meat berserker
    32 | D        | Reached skill level 27 in Axes
    32 | D        | Reached skill level 27 in Stealth
    32 | D        | Reached XP level 19. HP: 131/131 MP: 10/51
    33 | D        | Reached skill level 27 in Fighting
    35 | D        | Killed a large bag of meat
    37 | D        | Killed a meat berserker
    37 | D        | Reached skill level 27 in Throwing
    37 | D        | Reached skill level 27 in Invocations
    37 | D        | Reached XP level 20. HP: 137/137 MP: 12/52
    38 | D        | Reached ****** piety under Makhleb
    38 | D        | Reached skill level 10 in Armour
    41 | D        | Noticed a destroyer
    43 | D        | Noticed a destroyer
    44 | D        | Reached XP level 21. HP: 142/142 MP: 13/53
    46 | D        | Killed a destroyer
    46 | D        | Killed a large bag of meat
    46 | D        | Reached XP level 22. HP: 148/148 MP: 14/54
    46 | D        | Noticed an accursed
    47 | D        | Killed an accursed
    47 | D        | Reached skill level 27 in Armour
    47 | D        | Reached skill level 27 in Unarmed Combat
    50 | D        | Noticed a destroyer
    51 | D        | Killed a destroyer
    51 | D        | Reached XP level 23. HP: 153/153 MP: 15/55
    59 | D        | Noticed a tyrant
    59 | D        | Noticed an accursed
    61 | D        | Killed an accursed
    61 | D        | Reached XP level 24. HP: 81/158 MP: 18/55
    61 | D        | Noticed a destroyer
    64 | D        | Noticed a large bag of meat
    65 | D        | Noticed a meat beast
    67 | D        | Killed a meat beast
    67 | D        | Reached XP level 25. HP: 163/163 MP: 20/55
    71 | D        | Reached XP level 26. HP: 169/169 MP: 21/55
    73 | D        | Killed a large bag of meat
    73 | D        | Noticed a tyrant
    78 | D        | Killed a destroyer
    78 | D        | Reached XP level 27. HP: 174/174 MP: 23/55
    81 | D        | Noticed a destroyer
    83 | D        | Killed a tyrant
    86 | D        | Killed a tyrant
    86 | D        | Noticed a meat beast
    87 | D        | Killed a destroyer
    88 | D        | Noticed a meat beast
    88 | D        | Noticed an accursed
    88 | D        | Noticed a meat beast
    89 | D        | Killed a destroyer
    89 | D        | Killed a meat beast
    90 | D        | Noticed a destroyer
    92 | D        | Killed a meat beast
    93 | D        | Noticed a meat beast
    94 | D        | Noticed a tyrant
    94 | D        | Noticed a tyrant
   100 | D        | Killed a destroyer
   100 | D        | Killed a meat beast
   101 | D        | Killed a meat beast
   106 | D        | Killed a tyrant
   108 | D        | Noticed a tyrant
   112 | D        | Noticed a dread
   113 | D        | Noticed a destroyer
   115 | D        | HP: 4/174 [observer/divine providence (10)]
   115 | D        | Killed from afar by a tyrant

Skill      XL: |  1  2  3  4  5  6  7  8  9 10 11 12 13 14 15 16 17 18 19 20 21 22 |
---------------+-------------------------------------------------------------------+-----
Fighting       | 10 12 15 18 20 23 24 26 27 | 27.0
Axes           | 10 12 15 18 21 24 25 27 | 27.0
Throwing       | 5 6 7 9 10 14 17 22 27 | 27.0
Dodging        | 22 25 27 | 27.0
Spellcasting   | 17 19 23 27 | 27.0
Stealth        | 14 20 27 | 27.0
Invocations    | 9 14 20 27 | 27.0
Armour         | 7 17 24 27 | 27.0
Unarmed Combat | 8 19 26 27 | 27.0
Translocations | |  4.4

Action                   |  1- 3 |  4- 6 |  7- 9 | 10-12 | 13-15 | 16-18 | 19-21 | 22-24 | 25-27 || total
-------------------------+-------+-------+-------+-------+-------+-------+-------+-------+-------++-------
Melee: Broad axe         |     1 |       |       |     2 |     3 |     5 |    10 |    12 |    30 ||    63
Invok: Greater Servant o |       |       |       |       |       |       |       |     4 |     9 ||    13
  Use: Scroll            |       |       |       |       |     1 |       |       |       |     1 ||     2
 Stab: Distracted        |       |       |       |       |       |       |       |       |     1 ||     1
Dodge: Dodged            |     1 |       |       |       |       |       |       |       |     1 ||     2
